 Dungeon Crawl Stone Soup version 0.17.2-1-ge4368a0 (webtiles) character file.

23 Goblin1989 the Skirmisher (level 2, -1/24 HPs)
             Began as a Demonspawn Abyssal Knight on Nov 6, 2016.
             Was a Follower of Lugonu.
             Slain by an adder (5 damage)
             ... on level 2 of the Dungeon.
             The game lasted 00:04:19 (298 turns).

Goblin1989 the Skirmisher (DsAK)                     Turns: 298, Time: 00:04:20

Health: -1/24      AC:  3    Str: 12    XL:     2   Next: 75%
Magic:  3/3        EV: 11    Int: 13    God:    Lugonu [*.....]
Gold:   74         SH:  0    Dex: 12    Spells: 0 memorised, 1 level left

rFire  . . .     SeeInvis .     a - +1 hand axe
rCold  . . .     Clarity  .     b - +0 leather armour
rNeg   . . .     SustAt   .     (no shield)
rPois  .         Gourm    .     (helmet restricted)
rElec  .         Spirit   .     (no cloak)
rCorr  .         Warding  .     (no gloves)
rMut   .         Stasis   .     (no boots)
MR     .....                    (no amulet)
Stlth  +.........               (no ring)
                                (no ring)

@: not resistant to hostile enchantments, very unstealthy
A: antennae 1
a: Depart the Abyss, Renounce Religion


You were on level 2 of the Dungeon.
You worshipped Lugonu.
Lugonu was aware of your devotion.
You were not hungry.

You visited 1 branch of the dungeon, and saw 2 of its levels.
You visited the Abyss 1 time.

You collected 74 gold pieces.

Inventory:

Hand Weapons
 a - a +1 hand axe (weapon)
Armour
 b - a +0 leather armour (worn)
 e - a +0 scale mail
Jewellery
 d - an uncursed ring of positive energy {unknown}
Scrolls
 f - a scroll of identify {unknown}
 i - a scroll of immolation {unknown}
Potions
 g - a potion of flight {unknown}
 h - a potion of resistance {unknown}
 j - 2 potions of haste {unknown}
Comestibles
 c - a bread ration {@e1}


   Skills:
 - Level 3.0 Fighting
 + Level 3.0 Axes
 - Level 1.8 Armour
 - Level 0.8 Dodging
 - Level 2.4 Invocations


You had one spell level left.
You didn't know any spells.

Dungeon Overview and Level Annotations

Branches:
Dungeon (2/15)

Altars:
Okawaru


Innate Abilities, Weirdness & Mutations

You have a pair of small antennae on your head.


Message History

Your Axes skill increases to level 3!
Found 12 gold pieces.
You now have 62 gold pieces (gained 8).
An adder comes into view.
Found a plate armour.
You see here 12 gold pieces.
You now have 74 gold pieces (gained 12).
Found a glowing mace.
Found 2 bubbling cyan potions.
Found a plate armour.
You see here 2 bubbling cyan potions.
j - 2 bubbling cyan potions The adder bites you but does no damage.
You slash the adder!
The adder is severely wounded.
The adder barely misses you.
You hit the adder.
The adder is almost dead.
The adder bites you.
You die...

██ .█████████
..........████████
...██████........████
..)....█......)......
█.................██
███.██████.........█
███........██..█████
......████████.S@█
██.......█ █.....█
███....██ ██......█
█...██ ██........
█...█ █......[. ▲...▲
█.█.███.. █...█ █...█
. █...█ █...█ █...█


You could see an adder.

Vanquished Creatures
  An adder (D:2)
  A giant gecko (D:1)
  3 hobgoblins
  A quokka (D:2)
  2 bats (D:1)
  A giant newt (D:1)
  3 kobolds
  2 rats
  2 toadstools (D:1)
16 creatures vanquished.

Vanquished Creatures (others)
  2 toadstools (D:1)
2 creatures vanquished.

Grand Total: 18 creatures vanquished

Notes
Turn   | Place    | Note
--------------------------------------------------------------
     0 | Abyss:1  | Goblin1989 the Demonspawn Abyssal Knight began the quest for the Orb.
     0 | Abyss:1  | Reached XP level 1. HP: 18/18 MP: 2/2
     0 | D:1      | Escaped the Abyss
    27 | D:2      | Gained mutation: You have a pair of small antennae on your head. [demonic ancestry]
    27 | D:2      | Reached XP level 2. HP: 9/24 MP: 3/3
    43 | D:2      | Found a faded altar to an unknown god.
   141 | D:1      | Reached * piety under Lugonu
   194 | D:1      | Found an iron altar of Okawaru.
   298 | D:2      | Slain by an adder

Action                   || total
-------------------------++-------
Melee: Hand axe          ||    56
Invok: Depart the Abyss  ||     1

Vault maps used:
D:1:      ldierk_water_garden, okawaru_ov_weapons_minmay
D:2:      kennysheep_six_static_rooms, grunt_temple_overflow_open,
          ecumenical_altar_1, serial_aquarium, aquarium_bridge_straight,
          aquarium_bridge_square, aquarium_window_fake, aquarium_window_1,
          aquarium_view_2b, aquarium_balcony_3a
